AoeStats
← Sigfrida

Arabia

510309507Analyzed
1v1 RM · 24h ago on Sep 30, 2026· 84m 10s· 2 players
Game mode
Random Map
Map size
Tiny (2 player)
Population
200
Speed
Normal
Resources
Standard
Victory
Conquest
Starting age
Dark Age
Ending age
Imperial Age
RankedLock teamsTeams togetherTeam positionsShared explorationLock speedFull tech treeHidden civsTurbo modeCheats
Victory
Defeat
🇨🇱 Magyars · Chile
580
+14
🇳🇱 Tatars · Netherlands
544
-14
Hard2toKill
16:10 Feudal Age
17:44 Double-Bit Axe
20:28 Horse Collar
21:07 Loom
23:54 Castle Age
24:09 Scale Mail Armor
24:24 Forging
28:04 Scale Barding Armor
27:28 Light Cavalry
29:06 Bow Saw
29:58 Bloodlines
30:42 Chain Barding Armor
33:34 Iron Casting
35:47 Husbandry
35:50 Pikeman
38:28 Scale Mail Armor
44:48 Fletching
78:57 Ballistics
81:20 Bodkin Arrow
Sigfrida
7:04 Loom
12:06 Feudal Age
19:42 Horse Collar
21:30 Bloodlines
22:50 Scale Barding Armor
24:11 Town Watch
27:49 Castle Age
26:25 Double-Bit Axe
26:34 Gold Mining
29:04 Wheelbarrow
28:35 Husbandry
30:34 Hand Cart
33:05 Town Patrol
48:46 Imperial Age
47:25 Gold Shaft Mining
49:21 Cavalier
50:00 Capped Ram
53:02 Pikeman
59:00 Halberdier
70:05 Light Cavalry
72:17 Hussar
79:19 Paladin
Connection lost

Rejoining the realm…

Still unreachable

The connection could not be restored.

Session expired

The server has moved on; the page needs a fresh start.